 Dungeon Crawl Stone Soup version 0.20.1-1-g8b1a95d (console) character file.

16446 hilaritas the Blocker (level 12, -9/99 HPs)
             Began as a Formicid Fighter on Aug 9, 2017.
             Was a High Priest of Okawaru.
             Mangled by a titanic slime creature (66 damage)
             ... on level 12 of the Dungeon.
             The game lasted 00:30:09 (12327 turns).

hilaritas the Blocker (Formicid Fighter)           Turns: 12327, Time: 00:30:10

Health: -9/99      AC: 20    Str: 28    XL:     12   Next: 70%
Magic:  16/18      EV: 12    Int:  9    God:    Okawaru [*****.]
Gold:   109        SH: 15    Dex: 10    Spells: 11/11 levels left

rFire    + . .     SeeInvis +   E - +7 battleaxe (freeze)
rCold    . . .     Gourm    .   c - +0 shield
rNeg     . . .     Faith    .   b - +3 chain mail {MR+}
rPois    .         Spirit   .   (helmet unavailable)
rElec    .         Reflect  .   e - +0 cloak {+Inv}
rCorr    .         Harm     .   m - +1 pair of gloves {Str+3}
MR       ++...                  (no boots)
Stlth    ..........             (no amulet)
Regen    0.3/turn               o - ring of protection from fire
MPRegen  0.2/turn               (no ring)

@: heroism
A: permanent stasis, dig shafts and tunnels, four strong arms, antennae 3
a: Dig, Shaft Self, Heroism, Finesse, Renounce Religion, Evoke Invisibility


You were on level 12 of the Dungeon.
You worshipped Okawaru.
Okawaru was extremely pleased with you.
You were not hungry.

You visited 1 branch of the dungeon, and saw 12 of its levels.
You also visited: Sewer.

You collected 609 gold pieces.
You spent 500 gold pieces at shops.

Inventory:

Hand Weapons
 C - a +0 battleaxe of flaming
 E - a +7 battleaxe of freezing (weapon)
Missiles
 s - 2 throwing nets (quivered)
 w - 4 tomahawks
Armour
 b - a +3 chain mail of magic resistance (worn)
 c - a +0 shield (worn)
 e - a +0 cloak of invisibility (worn)
 m - a +1 pair of gloves of strength (worn)
Jewellery
 l - an uncursed ring of ice
 n - an uncursed ring of resist corrosion
 o - a ring of protection from fire (left hand)
 y - an uncursed ring of protection from fire
Wands
 i - a wand of flame (48/48)
 p - a wand of lightning (4/15)
 D - a wand of random effects (31/48)
 G - a wand of iceblast (13/15)
 H - a wand of lightning (8/15)
Scrolls
 k - 5 scrolls of identify
 t - a scroll of remove curse
 z - 5 scrolls of magic mapping
 F - 2 scrolls of fog
 I - a scroll of recharging
 O - a scroll of amnesia
Potions
 d - 3 potions of might
 j - 2 potions of resistance
 r - a potion of magic {unknown}
 u - 2 potions of flight
 v - 2 potions of cancellation
 A - 3 potions of brilliance
 B - a potion of agility {unknown}
 L - 2 potions of ambrosia {unknown}
 M - a potion of degeneration {unknown}
Books
 q - a book of Minor Magic

   Spells                             Type                      Level
   a - Magic Dart                     Conjuration                  1
   b - Blink                          Translocation                2
   c - Call Imp                       Summoning                    2
   d - Slow                           Hexes                        2
   e - Conjure Flame                  Conjuration/Fire             3
   f - Mephitic Cloud                 Conjuration/Poison/Air       3
 K - a book of Clouds

   Spells                             Type                      Level
   a - Poisonous Vapours              Poison/Air                   2
   b - Mephitic Cloud                 Conjuration/Poison/Air       3
   c - Conjure Flame                  Conjuration/Fire             3
   d - Freezing Cloud                 Conjuration/Ice/Air          6
   e - Ring of Flames                 Charms/Fire                  7
 P - a book of Necromancy

   Spells                             Type                      Level
   a - Pain                           Necromancy                   1
   b - Animate Skeleton               Necromancy                   1
   c - Vampiric Draining              Necromancy                   3
   d - Regeneration                   Charms/Necromancy            3
   e - Animate Dead                   Necromancy                   4
   f - Control Undead                 Necromancy                   4
Comestibles
 a - 2 chunks of flesh
 f - 11 bread rations
 g - 7 meat rations
 h - 9 royal jellies
 x - 7 fruits


   Skills:
 - Level 10.9(15.9) Fighting
 - Level 10.0(15.0) Axes
 + Level 8.9(13.9) Armour
 * Level 1.7(6.7) Dodging
 - Level 12.0(17.0) Shields
 * Level 8.9 Invocations


You had 11 spell levels left.
You didn't know any spells.

Dungeon Overview and Level Annotations

Branches:
Dungeon (12/15)            Temple (0/1) D:7            Lair (0/6) D:8
    Orc (0/2) D:11

Altars:
Ashenzari
Elyvilon
Gozag
Okawaru
Qazlal
Trog
Yredelemnul
Zin

Shops:
D:4 [   D:6 [   D:10 [


Innate Abilities, Weirdness & Mutations

You cannot be hasted, slowed, berserked, paralysed or teleported.
You can dig through walls and to a lower floor.
Your four strong arms can wield two-handed weapons with a shield.
You have a pair of large antennae on your head. (SInv)


Message History

You freeze the very large slime creature.
The very large slime creature is moderately wounded.
The very large slime creature hits you!!!
You slice the very large slime creature!!
You freeze the very large slime creature.
The very large slime creature is moderately wounded.
A large slime creature splits.
The very large slime creature hits you!!
You feel much better.
Two slime creatures merge to form an enormous slime creature.
Two slime creatures merge to form a titanic slime creature.
You slice the titanic slime creature!! You freeze the titanic slime creature!
The titanic slime creature is moderately wounded.
You block the titanic slime creature's attack.
You chop the titanic slime creature into pieces!!!
You freeze the titanic slime creature.
The titanic slime creature is heavily wounded.
The titanic slime creature hits you!!!
Ouch! That really hurt!
You die...

##########
#........####
+........@J.#
#........##..#
#........#
...+
#........# ###
#######'##
####.# #+#
#....# #.#
######.######
#.# #...?...#
..# #.#


You could see a titanic slime creature.

Vanquished Creatures
  Gastronok (D:9)
  3 two-headed ogres
  Sonja (D:10)
  2 unseen horrors
  Pikel (D:9)
  2 cyclopes (D:11)
  A gargoyle (D:10)
  2 trolls (D:11)
  A merfolk (D:10)
  Prince Ribbit (D:7)
  4 hippogriffs
  A wraith (D:11)
  3 wyverns
  6 yaks
  Eustachio (D:4)
  A hungry ghost (D:9)
  3 wargs (D:11)
  A water moccasin (D:11)
  Duvessa (D:7)
  7 sky beasts
  Purgy (Sewer)
  A slave (D:9)
  2 eyes of draining (D:11)
  4 phantoms
  A black bear (D:9)
  The ghost of bren the Shield-Bearer, an amateur HOFi (D:4)
  An ice beast (D:7)
  4 orc warriors
  2 ogres
  2 necrophages
  7 centaurs
  Blork the orc (D:5)
  A big kobold (D:10)
  A gnoll sergeant (D:5)
  Dowan (D:7)
  5 bullfrogs
  2 wyvern skeletons
  4 scorpions
  A jelly (D:5)
  8 wights
  2 howler monkeys
  4 crimson imps
  A bullfrog zombie (D:5)
  A quasit (D:11)
  2 centaur zombies
  A gnoll shaman (D:4)
  3 orc priests
  6 hounds
  7 orc wizards
  A bullfrog skeleton (D:9)
  2 centaur skeletons (D:4)
  An iguana (D:10)
  Natasha (thrice) (D:2)
  9 worker ants
  A hound skeleton (D:10)
  A howler monkey zombie (D:9)
  2 worker ant zombies
  8 gnolls
  A howler monkey skeleton (D:7)
  17 adders
  A shadow imp (D:8)
  A worm (D:3)
  An adder zombie (D:6)
  5 leopard geckos
  29 orcs
  10 giant cockroaches
  9 goblins
  7 hobgoblins
  8 jackals
  2 quokkas
  3 ball pythons
  11 bats
  5 frilled lizards
  A jackal skeleton (D:5)
  16 kobolds
  2 quokka zombies
  13 rats
290 creatures vanquished.

Vanquished Creatures (others)
  3 slaves (D:9)
3 creatures vanquished.

Grand Total: 293 creatures vanquished

Notes
Turn   | Place    | Note
-------+----------+-------------------------------------------
     0 | D:1      | hilaritas the Formicid Fighter began the quest for the Orb.
     0 | D:1      | Reached XP level 1. HP: 18/18 MP: 1/1
   193 | D:1      | Reached XP level 2. HP: 24/24 MP: 2/2
   321 | D:1      | Reached skill level 4 in Shields
   687 | D:2      | Reached XP level 3. HP: 27/29 MP: 3/3
  1224 | D:2      | Reached XP level 4. HP: 33/35 MP: 4/4
  1714 | D:2      | Noticed Natasha
  1724 | D:2      | Killed Natasha
  1942 | D:2      | Reached XP level 5. HP: 34/41 MP: 5/5
  2115 | D:2      | Noticed Natasha
  2130 | D:2      | Killed Natasha
  2281 | D:2      | Noticed Natasha
  2289 | D:2      | Killed Natasha
  2586 | D:3      | Reached skill level 5 in Axes
  2586 | D:3      | Reached XP level 6. HP: 26/47 MP: 6/6
  2708 | D:3      | Reached skill level 5 in Shields
  2927 | D:3      | Found a glowing drain.
  2940 | Sewer    | Entered a sewer
  2994 | Sewer    | Noticed Purgy
  3004 | Sewer    | Killed Purgy
  3611 | D:4      | Reached XP level 7. HP: 52/52 MP: 7/7
  3770 | D:4      | Noticed bren's ghost (amateur HOFi)
  3784 | D:4      | HP: 2/78 [orc/mace of protection (2)]
  3785 | D:4      | Killed bren's ghost
  3785 | D:4      | Reached XP level 8. HP: 3/58 MP: 8/8
  3785 | D:4      | Reached skill level 6 in Shields
  3962 | D:4      | Noticed Eustachio
  3992 | D:4      | Killed Eustachio
  4352 | D:4      | Found Wairool's Armour Emporium.
  4430 | D:4      | Found an iron altar of Okawaru.
  4437 | D:4      | Became a worshipper of Warmaster Okawaru
  4442 | D:4      | Found a glowing silver altar of Zin.
  4447 | D:4      | Found a shattered altar of Ashenzari.
  4581 | D:5      | Entered Level 5 of the Dungeon
  4585 | D:5      | Noticed Blork the orc
  4601 | D:5      | Killed Blork the orc
  4601 | D:5      | Reached skill level 1 in Invocations
  5057 | D:5      | Reached XP level 9. HP: 64/64 MP: 8/10
  5087 | D:5      | Reached * piety under Okawaru
  5188 | D:5      | Reached skill level 10 in Axes
  5271 | D:5      | Reached skill level 7 in Shields
  5629 | D:4      | Bought a +3 chain mail of magic resistance for 291 gold pieces
  5736 | D:6      | Found a stormy altar of Qazlal.
  5754 | D:6      | Found Xiacir's Antique Armour Shoppe.
  5892 | D:6      | Found an opulent altar of Gozag.
  6006 | D:6      | Reached ** piety under Okawaru
  6283 | D:7      | Reached skill level 8 in Shields
  6364 | D:7      | Noticed Duvessa
  6364 | D:7      | Noticed Dowan
  6373 | D:7      | Killed Duvessa
  6380 | D:7      | Killed Dowan
  6481 | D:7      | Found a basalt altar of Yredelemnul.
  6496 | D:7      | Found a bloodstained altar of Trog.
  6496 | D:7      | Found a white marble altar of Elyvilon.
  6508 | D:7      | Noticed a hippogriff
  6512 | D:7      | Killed a hippogriff
  6512 | D:7      | Reached skill level 5 in Fighting
  6512 | D:7      | Reached XP level 10. HP: 69/74 MP: 13/13
  6521 | D:7      | Reached *** piety under Okawaru
  6553 | D:7      | Noticed Prince Ribbit
  6581 | D:7      | Killed Prince Ribbit
  6581 | D:7      | Reached skill level 5 in Armour
  6583 | D:7      | Reached skill level 9 in Shields
  6819 | D:7      | Found a staircase to the Ecumenical Temple.
  7258 | D:8      | Got a faintly glowing buckler
  7276 | D:8      | Reached skill level 5 in Invocations
  7428 | D:8      | Identified the cursed +0 buckler of the Red Skies {Stlth+} (You found it on level 8 of the Dungeon)
  7711 | D:8      | Found a staircase to the Lair.
  8075 | D:8      | Noticed a two-headed ogre
  8086 | D:8      | Killed a two-headed ogre
  8086 | D:8      | Reached **** piety under Okawaru
  8384 | D:9      | Noticed Pikel
  8392 | D:9      | Killed Pikel
  8392 | D:9      | Reached skill level 10 in Shields
  8435 | D:9      | Reached XP level 11. HP: 84/84 MP: 15/15
  8539 | D:9      | Noticed Gastronok
  8553 | D:9      | Killed Gastronok
  8553 | D:9      | Reached ***** piety under Okawaru
  8883 | D:9      | Reached skill level 11 in Shields
  8893 | D:9      | Got a crude falchion
  8894 | D:9      | Identified the +3 falchion "Killer Klown's Doom" {holy, rF- rC+ rN+ Str+3} (You found it on level 9 of the Dungeon)
  8937 | D:9      | Noticed a two-headed ogre
  8952 | D:9      | Killed a two-headed ogre
  9337 | D:10     | Entered Level 10 of the Dungeon
  9361 | D:10     | Found Enolodwu's Antique Armour Boutique.
  9415 | D:10     | Noticed an unseen horror
  9423 | D:10     | Killed an unseen horror
  9711 | D:10     | Noticed Sonja
  9730 | D:10     | Killed Sonja
  9730 | D:10     | Received a gift from Okawaru
  9730 | D:10     | Reached skill level 10 in Fighting
  9730 | D:10     | Reached XP level 12. HP: 10/97 MP: 14/17
  9808 | D:6      | Bought a dazzling chain mail for 209 gold pieces
  9818 | D:6      | Identified the cursed +0 chain mail of Kindness {Int+4} (You bought it in a shop on level 6 of the Dungeon)
 10912 | D:11     | Found a staircase to the Orcish Mines.
 11154 | D:11     | Reached skill level 12 in Shields
 11207 | D:11     | Noticed an unseen horror
 11210 | D:11     | Killed an unseen horror
 11850 | D:11     | Noticed a two-headed ogre
 11859 | D:11     | Killed a two-headed ogre
 11859 | D:11     | Reached skill level 1 in Dodging
 12327 | D:12     | Mangled by a titanic slime creature

Skill      XL: |  1  2  3  4  5  6  7  8  9 10 11 12 |
---------------+-------------------------------------+-----
Shields        | 4 5 6 8 10 11 12 | 12.0
Axes           | 3 4 5 6 7 9 10 | 10.0
Invocations    | 1 4 5 7 8 |  8.9
Fighting       | 5 7 10 | 10.9
Armour         | 4 6 7 8 |  8.9
Dodging        | 1 |  1.7

Action                   |  1- 3 |  4- 6 |  7- 9 | 10-12 || total
-------------------------+-------+-------+-------+-------++-------
Melee: War axe           |    98 |   187 |   237 |       ||   522
       Battleaxe         |       |       |    67 |   484 ||   551
Throw: Throwing net      |       |       |       |     4 ||     4
Invok: Heroism           |       |       |       |     7 ||     7
 Abil: Dig               |       |       |       |     5 ||     5
  Use: Scroll            |       |     7 |     6 |    14 ||    27
       Potion            |       |       |     3 |     5 ||     8
 Stab: Held in net/web   |       |       |       |     1 ||     1
  Eat: Chunk             |     1 |     7 |    11 |    20 ||    39
       Fruit             |       |       |       |     2 ||     2
Armor: Scale mail        |    47 |    56 |       |       ||   103
       Plate armour      |       |    12 |   119 |       ||   131
       Skin              |       |       |    11 |       ||    11
       Chain mail        |       |       |    35 |   234 ||   269
Dodge: Dodged            |    48 |    68 |    60 |   151 ||   327
Block: Shield            |    59 |   135 |   193 |   360 ||   747
